 Dungeon Crawl Stone Soup version 0.30.1-9-gdf580d7c3d (webtiles) character file.

Game seed: 4842782500164668896

55 boopmooplesden the Twirler (level 3, -2/30 HPs)
             Began as a Minotaur Gladiator on Oct 19, 2023.
             Succumbed to a kobold's poison
             ... on level 2 of the Dungeon.
             The game lasted 00:01:36 (1162 turns).

boopmooplesden the Twirler (Minotaur Gladiator)     Turns: 1162, Time: 00:01:37

Health: -2/30      AC:  5    Str: 20    XL:     3   Next: 67%
Magic:  2/2        EV: 12    Int:  5    God:
Gold:   121        SH:  0    Dex: 11    Spells: 2/2 levels left

rFire   . . .        a - +0 quarterstaff
rCold   . . .        (shield currently unavailable)
rNeg    . . .        f - +0 ring mail
rPois   .            c - +0 hat
rElec   .            (no cloak)
rCorr   .            (no gloves)
SInv    .            (no boots)
Will    .....        (no amulet)
Stlth   +            (no ring)
HPRegen 0.25/turn    (no ring)
MPRegen 0.08/turn

%: no passive effects
@: lethally poisoned (-2 -> -19)
A: horns 2, retaliatory headbutt
a: no special abilities


You were on level 2 of the Dungeon.
You visited 1 branch of the dungeon, and saw 2 of its levels.

You collected 121 gold pieces.

Inventory:

Hand Weapons
 a - a +0 quarterstaff (weapon)
Missiles
 d - a throwing net (quivered)
 e - a javelin
Armour
 b - a +0 leather armour
 c - a +0 hat (worn)
 f - a +0 ring mail (worn)
Scrolls
 g - a scroll of teleportation
 j - a scroll of identify {unknown}
Potions
 h - a potion of heal wounds {unknown}
 i - a potion of cancellation {unknown}
 k - a potion of degeneration {unknown}
 l - a potion of brilliance {unknown}
 m - a potion of berserk rage {unknown}
 n - a potion of ambrosia {unknown}


   Skills:
 + Level 2.6 Fighting
 + Level 4.6 Staves
 + Level 2.2 Throwing
 + Level 0.5 Armour
 + Level 4.0 Dodging


You had 2 spell levels left.
You didn't know any spells.
Your spell library contained the following spells:

 Spells                   Type           Power      Damage    Failure   Level
 Vhi's Electric Charge    Tloc/Air       0%         N/A       95%         3
 Arcjolt                  Conj/Air       0%         1d10      100%        5
 Maxwell's Capacitive Co  Air            0%         ∞         100%        8


Dungeon Overview and Level Annotations

Branches:
Dungeon (2/15)

Altars:


Innate Abilities, Weirdness & Mutations

You have a pair of horns on your head.
You reflexively headbutt those who attack you in melee.


Message History

You closely miss the goblin. The rat completely misses you.
The goblin hits you but does no damage.
You barely miss the goblin. The rat bites you.
The goblin hits you with a +0 club.
You hit the goblin but do no damage. Your headbutt misses the goblin.
The rat misses you. The goblin hits you with a +0 club.
You closely miss the goblin. The rat closely misses you.
The goblin barely misses you.
You closely miss the rat. The rat bites you but does no damage.
The goblin closely misses you.
You closely miss the rat.
The kobold hits you with a +1 short sword of venom.
You are poisoned.
The rat barely misses you. The goblin barely misses you.
You furiously retaliate!
You headbutt the goblin!
You kill the goblin!
You hit the rat but do no damage.
You feel sick.
The kobold hits you with a +1 short sword of venom.
You are more poisoned.
The rat barely misses you.
You barely miss the kobold.
You feel very sick.
The kobold hits you with a +1 short sword of venom.
You are lethally poisoned!
The rat closely misses you. You furiously retaliate!
You headbutt the rat!
You kill the rat!
The kobold hits you but does no damage.
You are more poisoned.
Throw: 2 throwing nets
Press: ? - help, Q - select action, (/) - cycle Shift-Dir - straight line, f - kobold
Aim: a kobold, wielding a +1 short sword of venom (50% to hit)
You throw a throwing net. The throwing net hits the kobold.
The kobold is caught in the net!
* * * LOW HITPOINT WARNING * * *
You feel very sick.
You sock the kobold!
You kill the kobold!
* * * LOW HITPOINT WARNING * * *
You feel very sick.
You die...

#+#### #### #.....
###>..##.... .......#...
..........# ..........#
..........# .......@.†##
.......)...#############
.......##...............
............##........##
..#..........#..........
...........#.#..........
##..?......#............
#.......?.##...........
........##...........


There were no monsters in sight!

Vanquished Creatures
  Natasha (D:2)
  A dart slug (D:2)
  3 bats (D:1)
  An endoplasm (D:2)
  A giant cockroach (D:1)
  7 hobgoblins
  4 quokkas (D:1)
  A ball python (D:1)
  A frilled lizard (D:1)
  2 goblins
  2 kobolds
  2 rats
26 creatures vanquished.

Notes
Turn   | Place    | Note
-------+----------+-------------------------------------------
     0 | D:1      | boopmooplesden the Minotaur Gladiator began the quest for
                  | the Orb.
     0 | D:1      | Reached XP level 1. HP: 18/18 MP: 0/0
   304 | D:1      | Reached XP level 2. HP: 21/25 MP: 1/1
   958 | D:2      | Noticed Natasha
   965 | D:2      | Killed Natasha
   966 | D:2      | Reached XP level 3. HP: 11/30 MP: 2/2
  1161 | D:2      | HP: 1/30 [poisoned by a kobold]
  1162 | D:2      | Succumbed to a kobold's poison

Illustrated notes

Levels and vault maps discovered:
D:1:      dpeg_arrival_shrine, layout_basic
D:2:      layout_basic, basic_altar, uniq_natasha

Skill      XL: |  1  2 |
---------------+-------+-----
Staves         | 4 |  4.6
Dodging        | 4 |  4.0
Fighting       | |  2.6
Throwing       | |  2.2
Armour         | |  0.5

Action                     || total
---------------------------++-------
  Melee: Quarterstaff      ||    54
         Headbutt          ||     4
  Throw: Throwing net      ||     3
    Use: Scroll            ||     2
 Armour: Ring mail         ||    24
  Dodge: Dodged            ||    41
